[Event "ICC tourney 1923 (15 5)"]
[Site "Internet Chess Club"]
[Date "2020.07.17"]
[Round "2"]
[White "nguyencaptures"]
[Black "Kamatchimuthu"]
[Result "0-1"]
[ICCResult "White checkmated"]
[WhiteElo "1214"]
[BlackElo "1383"]
[Opening "French: exchange variation"]
[ECO "C01"]
[NIC "FR.01"]
[Time "13:29:38"]
[TimeControl "900+5"]

1. e4 e6 2. d4 d5 3. exd5 exd5 4. Nf3 Nf6 5. Nc3 Bb4 6. Bd2 O-O 7. Be2 Nc6
8. O-O Bg4 9. Re1 Re8 10. a3 Bxc3 11. Bxc3 Qd6 12. h3 Bxf3 13. Bxf3 Rxe1+
14. Qxe1 Re8 15. Qd2 Ne4 16. Qd3 Qh6 17. Re1 Qh4 18. Bxe4 dxe4 19. Qd2 Ne7
20. d5 Nf5 21. b3 Rd8 22. Rd1 Rd6 23. Re1 Rg6 24. Bb4 Qxh3 25. g3 Nxg3 26.
Qe3 Qh1# {White checkmated} 0-1

[Event "ICC tourney 1923 (15 5)"]
[Site "Internet Chess Club"]
[Date "2020.07.17"]
[Round "2"]
[White "NimaiG"]
[Black "HappyLunchBox"]
[Result "1-0"]
[ICCResult "Black checkmated"]
[WhiteElo "1585"]
[BlackElo "1120"]
[Opening "Scandinavian (center counter) defense"]
[ECO "B01"]
[NIC "SD.02"]
[Time "13:27:57"]
[TimeControl "900+5"]

1. e4 d5 2. exd5 Qxd5 3. Nc3 Qd8 4. d4 Nf6 5. Nf3 Bg4 6. h3 Bxf3 7. Qxf3 c6
8. Be3 e6 9. O-O-O Nbd7 10. Bd3 Be7 11. Kb1 Nb6 12. a3 Nbd5 13. Nxd5 cxd5
14. g4 Qb6 15. Ka1 Qc6 16. g5 Nd7 17. h4 b5 18. h5 O-O-O 19. Qxf7 Bf8 20. h6
g6 21. Rhe1 Nb6 22. Bf4 Bxa3 23. Bxb5 Bxb2+ 24. Ka2 Qxc2 25. Ba6#
{Black checkmated}
1-0

[Event "ICC tourney 1923 (15 5)"]
[Site "Internet Chess Club"]
[Date "2020.07.17"]
[Round "2"]
[White "OwenT"]
[Black "ArsenioB2012"]
[Result "1/2-1/2"]
[ICCResult "Game drawn by repetition"]
[WhiteElo "1579"]
[BlackElo "1507"]
[Opening "Alekhine's defense: Scandinavian variation"]
[ECO "B02"]
[NIC "AL.10"]
[Time "13:27:49"]
[TimeControl "900+5"]

1. e4 Nf6 2. Nc3 d5 3. e5 Nfd7 4. d4 c5 5. f4 cxd4 6. Nce2 Nc6 7. Nf3 e6 8.
Nexd4 Bc5 9. c3 O-O 10. Bd3 Nxd4 11. cxd4 Bb6 12. O-O f6 13. Kh1 Nb8 14. b3
Nc6 15. Bb2 Nb4 16. Be2 Bd7 17. a3 Nc6 18. b4 a6 19. Qc2 Ne7 20. Bd3 f5 21.
Rac1 Rc8 22. Qb3 Ng6 23. Ng5 Nxf4 24. Rxc8 Bxc8 25. Nxh7 Nxd3 26. Nxf8 Nxb2
27. Nxe6 Bxe6 28. Qxb2 Qh4 29. Rd1 Qg4 30. Qd2 Kf7 31. h3 Qe4 32. Qd3 Qf4
33. Qd2 Qe4 34. Qd3 Qf4 35. Qd2 Qe4 36. Qd3 {Game drawn by repetition}
1/2-1/2

[Event "ICC tourney 1923 (15 5)"]
[Site "Internet Chess Club"]
[Date "2020.07.17"]
[Round "2"]
[White "cheesehead146"]
[Black "aidaamin"]
[Result "0-1"]
[ICCResult "White checkmated"]
[WhiteElo "1234"]
[BlackElo "1448"]
[Opening "Two knights defense"]
[ECO "C58"]
[NIC "KP.01"]
[Time "13:27:59"]
[TimeControl "900+5"]

1. e4 e5 2. Nf3 Nc6 3. Bc4 Nf6 4. Ng5 d5 5. exd5 Na5 6. Bb5+ c6 7. dxc6 bxc6
8. Ba4 Nd5 9. d3 Be7 10. Nf3 Bf6 11. O-O Bd7 12. Re1 O-O 13. Nxe5 Bxe5 14.
Rxe5 Re8 15. Rxe8+ Qxe8 16. Bd2 Nb7 17. Nc3 Nc5 18. Nxd5 cxd5 19. Bc3 Nxa4
20. Bd4 Qe6 21. Qf3 Rc8 22. b3 Nb6 23. Rc1 Qg4 24. Qe3 Re8 25. Qd2 Qe2 26.
Qc3 Bc6 27. Bxg7 d4 28. Bxd4 Nd5 29. Qa5 Qg4 30. Bb2 Nb4 31. f3 Bxf3 32. g3
Qh3 33. Kf2 Qg2# {White checkmated} 0-1

[Event "ICC tourney 1923 (15 5)"]
[Site "Internet Chess Club"]
[Date "2020.07.17"]
[Round "2"]
[White "strongcarrot"]
[Black "AaditK"]
[Result "1-0"]
[ICCResult "Black checkmated"]
[WhiteElo "1383"]
[BlackElo "1103"]
[Opening "Giuoco Pianissimo: Canal variation"]
[ECO "C55"]
[NIC "IG.01"]
[Time "13:27:58"]
[TimeControl "900+5"]

1. e4 e5 2. Nf3 Nc6 3. Bc4 Nf6 4. d3 Bc5 5. Nc3 d6 6. Bg5 h6 7. Bh4 g5 8.
Bg3 Bg4 9. h3 Bxf3 10. Qxf3 Nd4 11. Qd1 Qe7 12. Ne2 Nxe2 13. Qxe2 O-O-O 14.
O-O-O Rhe8 15. h4 g4 16. h5 Kb8 17. Bh4 c6 18. f3 gxf3 19. Qxf3 Qc7 20. Qxf6
Rh8 21. Qxf7 Qxf7 22. Bxf7 Rdf8 23. Bg6 Be3+ 24. Kb1 Rf4 25. Rdf1 Rg4 26.
Rf3 Bc5 27. g3 d5 28. Rhf1 dxe4 29. dxe4 a6 30. Rf7 Rd8 31. Bxd8 Rxg3 32.
Be7 Bb6 33. Bd6+ Ka7 34. Bxe5 Re3 35. a3 Rh3 36. R7f3 Rxf3 37. Rxf3 a5 38.
Bg7 Ka6 39. Bxh6 Bd8 40. Be3 Bf6 41. Rxf6 Kb5 42. h6 c5 43. h7 b6 44. h8=Q
Kc4 45. Qg8+ Kb5 46. Qb3+ Ka6 47. Qxb6# {Black checkmated} 1-0

[Event "ICC tourney 1923 (15 5)"]
[Site "Internet Chess Club"]
[Date "2020.07.17"]
[Round "2"]
[White "FlowingMelody"]
[Black "Queen2812"]
[Result "1-0"]
[ICCResult "Black checkmated"]
[WhiteElo "1304"]
[BlackElo "1275"]
[Opening "Sicilian: Hungarian variation"]
[ECO "B27"]
[NIC "SI.43"]
[Time "13:27:49"]
[TimeControl "900+5"]

1. e4 c5 2. Nf3 g6 3. d4 cxd4 4. Nxd4 Bg7 5. Be3 e6 6. Nc3 Ne7 7. Qd2 O-O 8.
Bc4 Nbc6 9. Bb3 a5 10. O-O-O Ne5 11. f3 b6 12. h4 h5 13. Bh6 Kh7 14. Bxg7
Kxg7 15. Rdg1 N7c6 16. Ndb5 Ba6 17. Nd6 Qe7 18. f4 Ng4 19. f5 Nce5 20. a3
Qf6 21. Qg5 Qxg5+ 22. hxg5 exf5 23. exf5 Rh8 24. f6+ Kf8 25. Nd5 b5 26. Ne7
b4 27. Nxf7 Nxf7 28. Nxg6+ Ke8 29. Re1+ Kd8 30. Bxf7 Rh7 31. Re8+ Kc7 32.
Rxa8 Rxf7 33. Rxa6 Rxf6 34. Rxf6 Nxf6 35. Rf1 Ng4 36. Ne7 Kd8 37. Re1 bxa3
38. bxa3 Nf2 39. g6 Ke8 40. g7 Kf7 41. g8=Q+ Kf6 42. Qg6# {Black checkmated}
1-0

[Event "ICC tourney 1923 (15 5)"]
[Site "Internet Chess Club"]
[Date "2020.07.17"]
[Round "2"]
[White "iamlifamily"]
[Black "AJRChess2011"]
[Result "0-1"]
[ICCResult "White checkmated"]
[WhiteElo "1379"]
[BlackElo "1546"]
[Opening "Sicilian defense"]
[ECO "B30"]
[NIC "SI.31"]
[Time "13:27:53"]
[TimeControl "900+5"]

1. e4 c5 2. Nf3 Nc6 3. c3 g6 4. d4 cxd4 5. cxd4 Bg7 6. Be3 Nf6 7. Nc3 O-O 8.
Bb5 Qb6 9. d5 Qa5 10. dxc6 Nxe4 11. cxd7 Nxc3 12. bxc3 Bxc3+ 13. Bd2 Qxb5
14. Bxc3 Bxd7 15. Qd4 f6 16. a4 Qc6 17. O-O Rfd8 18. Qb4 e5 19. Rac1 Qb6 20.
Qc4+ Qe6 21. Ba5 Qxc4 22. Rxc4 b6 23. Bb4 Bxa4 24. Be7 Bb5 25. Rc7 Bxf1 26.
Bxd8 Bxg2 27. Kxg2 Rxd8 28. Rxa7 e4 29. Ne1 Rd2 30. Ra6 Rb2 31. Ra8+ Kg7 32.
Rb8 b5 33. Kg3 g5 34. Rb7+ Kg6 35. h3 f5 36. Rb6+ Kh5 37. Kg2 e3 38. Nd3 Rd2
39. Rxb5 Rxd3 40. fxe3 Rxe3 41. Rxf5 Kh4 42. Rf7 h5 43. Rd7 Rg3+ 44. Kf2
Kxh3 45. Rd4 h4 46. Re4 g4 47. Re1 Rg2+ 48. Ke3 g3 49. Kf4 Kh2 50. Kg4 h3
51. Kh4 Rf2 52. Re3 Rg2 53. Rf3 Ra2 54. Rxg3 Ra4+ 55. Rg4 Rxg4+ 56. Kxg4 Kg2
57. Kh4 h2 58. Kg4 h1=Q 59. Kf4 Qh3 60. Ke4 Qg3 61. Kd4 Qf3 62. Ke5 Qg4 63.
Kd5 Qf4 64. Kc6 Qe5 65. Kb7 Qd6 66. Ka8 Qd7 67. Kb8 Kf3 68. Ka8 Ke4 69. Kb8
Kd5 70. Ka8 Kc6 71. Kb8 Qb7# {White checkmated} 0-1

[Event "ICC tourney 1923 (15 5)"]
[Site "Internet Chess Club"]
[Date "2020.07.17"]
[Round "2"]
[White "dangdang2000"]
[Black "serenacool"]
[Result "1/2-1/2"]
[ICCResult "Game drawn because neither player has mating material"]
[WhiteElo "1381"]
[BlackElo "1333"]
[Opening "two knights defense: Wilkes Barre (Traxler) variation"]
[ECO "C57"]
[NIC "KP.01"]
[Time "13:27:49"]
[TimeControl "900+5"]

1. e4 e5 2. Nf3 Nc6 3. Bc4 Nf6 4. Ng5 Bc5 5. Nxf7 Bxf2+ 6. Kxf2 Nxe4+ 7. Kg1
Qh4 8. Qf3 Nd4 9. Qf1 Rf8 10. d3 Nd6 11. Bg5 Qh5 12. Nc3 Nxc4 13. dxc4 Rxf7
14. Qc1 Qg4 15. Qe3 Nf3+ 16. Kf1 Nd4+ 17. Kg1 Nf3+ 18. Kf1 Nxg5+ 19. Ke1
Qg3+ 20. Qxg3 h6 21. Qxe5+ Re7 22. Qxe7+ Kxe7 23. Nd5+ Kf8 24. Rf1+ Kg8 25.
Nxc7 Rb8 26. Ke2 d6 27. Nd5 b5 28. Ne7+ Kh7 29. cxb5 Bg4+ 30. Kd3 Rxb5 31.
b3 Ne6 32. h3 Nc5+ 33. Kc4 Be2+ 34. Kc3 Bxf1 35. Rxf1 Ne4+ 36. Kd3 Re5 37.
Nc6 Nc5+ 38. Kd2 Rg5 39. g4 Ne4+ 40. Ke3 Nf6 41. Nxa7 h5 42. Rf5 Nd5+ 43.
Kd4 Rxf5 44. gxf5 Nf6 45. b4 Kh6 46. b5 Nd7 47. Kd5 Kg5 48. Kxd6 Nb6 49. Kc6
Nc4 50. b6 Kxf5 51. b7 Na5+ 52. Kb6 Nxb7 53. Kxb7 Kf4 54. a4 g5 55. a5 g4
56. hxg4 hxg4 57. Nc6 g3 58. a6 g2 59. a7 g1=Q 60. a8=Q Qg7+ 61. Kb6 Qb2+
62. Kc7 Qxc2 63. Qf8+ Ke3 64. Qh6+ Kd3 65. Qg6+ Kc3 66. Qg3+ Kb2 67. Qe5+
Kb1 68. Qe1+ Qc1 69. Qb4+ Qb2 70. Qe7 Qh2+ 71. Kd7 Qd2+ 72. Ke8 Qc3 73. Qh7+
Qc2 74. Qb7+ Kc1 75. Kd8 Qd3+ 76. Kc8 Qf5+ 77. Kb8 Qf8+ 78. Ka7 Qc5+ 79. Kb8
Qd6+ 80. Kc8 Qf8+ 81. Kd7 Qf7+ 82. Ne7 Qc4 83. Qh1+ Kb2 84. Qg2+ Kb3 85.
Qf3+ Ka4 86. Nc6 Kb5 87. Na7+ Ka4 88. Qd1+ Ka5 89. Qa1+ Kb4 90. Nc6+ Kc5 91.
Qa5+ Qb5 92. Qc3+ Qc4 93. Qa3+ Kd5 94. Qd6+ Ke4 95. Qe5+ Kd3 96. Kd6 Kc2 97.
Nd4+ Kd2 98. Qa5+ Ke3 99. Qe5+ Kd3 100. Qg3+ Ke4 101. Qf3+ Kxd4 102. Qf4+
Kc3 103. Qc1+ Kd4 104. Qd2+ Ke4 105. Qg2+ Kd3 106. Qf3+ Kc2 107. Qf5+ Qd3+
108. Qxd3+ Kxd3 {Game drawn because neither player has mating material}
1/2-1/2

[Event "ICC tourney 1923 (15 5)"]
[Site "Internet Chess Club"]
[Date "2020.07.17"]
[Round "3"]
[White "Andrew588"]
[Black "funstyle"]
[Result "0-1"]
[ICCResult "White checkmated"]
[WhiteElo "1367"]
[BlackElo "1439"]
[Opening "French defense"]
[ECO "C00"]
[NIC "FR.01"]
[Time "14:21:54"]
[TimeControl "900+5"]

1. e4 e6 2. Nf3 d5 3. exd5 exd5 4. d4 Nf6 5. Nc3 Bb4 6. a3 Ba5 7. b4 Bb6 8.
Na4 Qe7+ 9. Ne5 Nbd7 10. Qe2 Bxd4 11. Nxd7 Qxe2+ 12. Bxe2 Bxa1 13. Nxf6+
Bxf6 14. Nc5 O-O 15. Bf4 c6 16. O-O b6 17. Nd3 Bf5 18. g4 Bxd3 19. cxd3 Bb2
20. a4 Rfe8 21. Bf3 Bc3 22. b5 cxb5 23. a5 bxa5 24. Bc7 Rac8 25. Bxa5 Bxa5
26. Bxd5 Rb8 27. Ra1 Re1+ 28. Rxe1 Bxe1 29. Bb3 a5 30. Bc2 b4 31. d4 b3 32.
Bb1 a4 33. d5 a3 34. d6 Ba5 35. Bd3 a2 36. Kg2 a1=Q 37. d7 Qd4 38. Bf5 g6
39. d8=Q+ Rxd8 40. Bb1 Qxg4+ 41. Kf1 Rd1# {White checkmated} 0-1

[Event "ICC tourney 1923 (15 5)"]
[Site "Internet Chess Club"]
[Date "2020.07.17"]
[Round "3"]
[White "Phineashrad"]
[Black "UltimateDL"]
[Result "1/2-1/2"]
[ICCResult "Game drawn by repetition"]
[WhiteElo "1279"]
[BlackElo "1361"]
[Opening "Sicilian defense"]
[ECO "B20"]
[NIC "SI.48"]
[Time "14:21:30"]
[TimeControl "900+5"]

1. e4 c5 2. Bc4 e6 3. Nf3 a6 4. a4 d5 5. exd5 exd5 6. Be2 Nf6 7. c3 d4 8.
cxd4 cxd4 9. Bc4 Be7 10. Qb3 O-O 11. Ng5 Qe8 12. O-O h6 13. Nf3 Nc6 14. Qd3
Nb4 15. Qb3 Nc6 16. Qd3 Nb4 17. Qb3 Nc6 18. Qd3 Nb4 19. Qb3 Nc6 20. Qd3
{Game drawn by repetition}
1/2-1/2

[Event "ICC tourney 1923 (15 5)"]
[Site "Internet Chess Club"]
[Date "2020.07.17"]
[Round "3"]
[White "thanhcaptures"]
[Black "RhysieB"]
[Result "1-0"]
[ICCResult "Black resigns"]
[WhiteElo "1365"]
[BlackElo "1301"]
[Opening "two knights defense: Fritz variation"]
[ECO "C57"]
[NIC "KP.01"]
[Time "14:25:30"]
[TimeControl "900+5"]

1. e4 e5 2. Nf3 Nc6 3. Bc4 Nf6 4. Ng5 d5 5. exd5 Nd4 6. c3 b5 7. Bd3 Nxd5 8.
cxd4 Qxg5 9. Bxb5+ Bd7 10. Bxd7+ Kxd7 11. O-O Nf4 12. Qf3 Re8 13. dxe5 Re6
14. d4 Rg6 15. Bxf4 Qf5 16. Nc3 Rg4 17. Qd5+ Ke7 18. Bg3 h5 19. f3 Rg6 20.
Nb5 h4 21. Qc5+ Kd8 22. Qxc7+ Ke8 23. Qb8+ Ke7 24. Qxa7+ Ke6 25. Nc7+ Ke7
26. Nd5+ Ke6 27. Nf4+ Qxf4 28. Bxf4 h3 29. g3 Rh4 30. Bd2 {Black resigns}
1-0

[Event "ICC tourney 1923 (15 5)"]
[Site "Internet Chess Club"]
[Date "2020.07.17"]
[Round "3"]
[White "serenacool"]
[Black "rjaichand"]
[Result "1-0"]
[ICCResult "Black checkmated"]
[WhiteElo "1398"]
[BlackElo "1370"]
[Opening "Giuoco Piano: Möller (Therkatz) attack"]
[ECO "C54"]
[NIC "IG.02"]
[Time "14:25:34"]
[TimeControl "900+5"]

1. e4 e5 2. Nf3 Nc6 3. Bc4 Bc5 4. c3 Nf6 5. d4 exd4 6. cxd4 Bb4+ 7. Nc3 Nxe4
8. O-O Bxc3 9. d5 Na5 10. Qd3 Nxc4 11. Qxe4+ Be5 12. Nxe5 Nxe5 13. Qxe5+ Qe7
14. Qxg7 Qf8 15. Re1+ Kd8 16. Qf6+ Qe7 17. Qxe7# {Black checkmated} 1-0

[Event "ICC tourney 1923 (15 5)"]
[Site "Internet Chess Club"]
[Date "2020.07.17"]
[Round "3"]
[White "tanish456"]
[Black "Rayhan2020"]
[Result "1-0"]
[ICCResult "Black checkmated"]
[WhiteElo "1660"]
[BlackElo "1463"]
[Opening "Scotch gambit"]
[ECO "C44"]
[NIC "SO.06"]
[Time "14:25:58"]
[TimeControl "900+5"]

1. e4 e5 2. Nf3 Nc6 3. d4 exd4 4. Bc4 h6 5. Nxd4 d6 6. Nxc6 bxc6 7. Qf3 Nf6
8. O-O g5 9. Rd1 g4 10. Qb3 Rh7 11. e5 Nh5 12. exd6 cxd6 13. Re1+ Be7 14.
Qd3 Rh8 15. Nc3 f5 16. Be3 f4 17. Qg6+ Kd7 18. Qxh5 fxe3 19. Rxe3 Kc7 20.
Rae1 Rh7 21. Qa5+ Kd7 22. Be6+ Ke8 23. Qa4 Bb7 24. Qxg4 h5 25. Qg6+ Kf8 26.
Rf3+ Rf7 27. Qxf7# {Black checkmated} 1-0

[Event "ICC tourney 1923 (15 5)"]
[Site "Internet Chess Club"]
[Date "2020.07.17"]
[Round "3"]
[White "arjun-venkat"]
[Black "JerryZhu"]
[Result "1-0"]
[ICCResult "Black checkmated"]
[WhiteElo "1262"]
[BlackElo "1344"]
[Opening "Sicilian: dragon variation"]
[ECO "B70"]
[NIC "SI.15"]
[Time "14:23:14"]
[TimeControl "900+5"]

1. e4 c5 2. Nf3 d6 3. Nc3 Nf6 4. d4 cxd4 5. Nxd4 g6 6. Nf3 Bg7 7. e5 Ng4 8.
exd6 Qxd6 9. Qxd6 exd6 10. Bb5+ Nc6 11. h3 Nf6 12. Nd4 Bd7 13. Nxc6 bxc6 14.
Bd3 O-O 15. Be3 Rfe8 16. O-O Rab8 17. Rab1 a5 18. Bd4 c5 19. Bxf6 Bxf6 20.
a3 Bc6 21. Nd1 d5 22. b3 Bb5 23. Bxb5 Rxb5 24. Ne3 d4 25. Nd5 Bg7 26. Nc7
Rbb8 27. Nxe8 Rxe8 28. Rfe1 Rf8 29. Re7 Bh8 30. Ra7 Rc8 31. Rxa5 c4 32. bxc4
Rxc4 33. Ra8+ Kg7 34. Rbb8 Rxc2 35. Rxh8 d3 36. Rhg8+ Kh6 37. Rad8 d2 38.
Kh2 f5 39. Rge8 Kg5 40. Rd6 Kh6 41. Red8 Kg5 42. Rxd2 Rxd2 43. Rxd2 Kf4 44.
Ra2 Ke4 45. a4 Kd5 46. a5 Kc6 47. a6 Kb6 48. a7 Kc5 49. a8=Q Kb5 50. Qb8+
Kc5 51. Rc2+ Kd4 52. Qd8+ Ke4 53. Re2+ Kf4 54. Qd4+ Kg5 55. h4+ Kh6 56. Qf4+
Kh5 57. Qg5# {Black checkmated} 1-0

[Event "ICC tourney 1923 (15 5)"]
[Site "Internet Chess Club"]
[Date "2020.07.17"]
[Round "3"]
[White "HappyLunchBox"]
[Black "Cougar2020"]
[Result "0-1"]
[ICCResult "White resigns"]
[WhiteElo "1117"]
[BlackElo "1401"]
[Opening "French: exchange variation"]
[ECO "C01"]
[NIC "FR.01"]
[Time "14:21:58"]
[TimeControl "900+5"]

1. e4 e6 2. d4 d5 3. exd5 exd5 4. Nf3 Nf6 5. c4 c6 6. Nc3 Be6 7. cxd5 cxd5
8. Bb5+ Bd7 9. Bxd7+ Nbxd7 10. O-O Be7 11. Bg5 O-O 12. Re1 Bb4 13. Qb3 Qb6
14. a3 Ba5 15. Bxf6 Qxb3 16. Be7 Rfe8 17. Nd2 Qxb2 {White resigns} 0-1

[Event "ICC tourney 1923 (15 5)"]
[Site "Internet Chess Club"]
[Date "2020.07.17"]
[Round "3"]
[White "auggie29"]
[Black "dangdang2000"]
[Result "0-1"]
[ICCResult "White checkmated"]
[WhiteElo "1243"]
[BlackElo "1383"]
[Opening "Queen's bishop game"]
[ECO "D00"]
[NIC "QP.08"]
[Time "14:21:29"]
[TimeControl "900+5"]

1. d4 d5 2. Bf4 Nf6 3. Nf3 Bf5 4. e3 e6 5. Be2 Bd6 6. Bg3 O-O 7. O-O Nc6 8.
c4 Bxg3 9. fxg3 Re8 10. Bd3 Ne4 11. Nbd2 Nb4 12. Bxe4 dxe4 13. Nh4 Qg5 14.
Nxf5 exf5 15. Qe2 Nd3 16. Rab1 Rad8 17. b4 Re7 18. Nb3 Red7 19. Nc5 Nxc5 20.
bxc5 b6 21. cxb6 cxb6 22. Rf4 g6 23. g4 fxg4 24. Rxg4 Qh5 25. Re1 f5 26. Rg3
Qxe2 27. Rxe2 Kf7 28. Rh3 Kf6 29. Rd2 Rc8 30. Rc2 Rdc7 31. Kf1 h5 32. Rg3
Rxc4 33. Rxc4 Rxc4 34. h4 Rc1+ 35. Ke2 Rc2+ 36. Kd1 Rxa2 37. Rh3 Rxg2 38.
Rh1 Rg4 39. Ke2 a5 40. Rb1 Rxh4 41. Rxb6+ Kg5 42. Ra6 Rh2+ 43. Kf1 Ra2 44.
d5 Rd2 45. Rxa5 h4 46. Ke1 Rd3 47. Rc5 h3 48. Kf2 Kg4 49. Kg1 Kg3 50. Kf1 h2
51. Ke2 h1=Q 52. d6 Qf3+ 53. Ke1 Qxe3+ 54. Kf1 Rd1# {White checkmated} 0-1

[Event "ICC tourney 1923 (15 5)"]
[Site "Internet Chess Club"]
[Date "2020.07.17"]
[Round "3"]
[White "ChessMonkey123"]
[Black "NimaiG"]
[Result "0-1"]
[ICCResult "White checkmated"]
[WhiteElo "1475"]
[BlackElo "1594"]
[Opening "Two knights defense"]
[ECO "C58"]
[NIC "KP.01"]
[Time "14:22:35"]
[TimeControl "900+5"]

1. e4 e5 2. Nf3 Nc6 3. Bc4 Nf6 4. Ng5 d5 5. exd5 Na5 6. Bb5+ c6 7. dxc6 bxc6
8. Bd3 Nd5 9. Ne4 Nf4 10. Bf1 f5 11. Nec3 c5 12. g3 Bb7 13. f3 Ng6 14. Bg2
Nc6 15. O-O Qd4+ 16. Kh1 Be7 17. d3 Qd7 18. f4 Rb8 19. Nd2 exf4 20. gxf4 Nd4
21. Nf3 Nxf3 22. Bxf3 Nh4 23. Bxb7 Qxb7+ 24. Ne4 fxe4 25. Qh5+ Ng6 26. f5
exd3+ 27. Kg1 O-O 28. fxg6 Rxf1+ 29. Kxf1 hxg6 30. Qxg6 Qf3+ 31. Kg1 Rb4 32.
h3 Qxh3 33. Qe8+ Kh7 34. Qxe7 Rg4+ 35. Kf2 Qg2+ 36. Ke3 Qe2# {White
checkmated} 0-1

[Event "ICC tourney 1923 (15 5)"]
[Site "Internet Chess Club"]
[Date "2020.07.17"]
[Round "3"]
[White "ZSChess09"]
[Black "JCJ2018"]
[Result "1-0"]
[ICCResult "Black checkmated"]
[WhiteElo "1596"]
[BlackElo "1689"]
[Opening "Scotch opening"]
[ECO "C44"]
[NIC "KP.10"]
[Time "14:21:48"]
[TimeControl "900+5"]

1. e4 e5 2. Nf3 Nc6 3. d4 d6 4. dxe5 Nxe5 5. Nxe5 dxe5 6. Qxd8+ Kxd8 7. Bc4
Ke7 8. O-O Be6 9. Bd3 Rd8 10. Nc3 Nf6 11. Be3 Ng4 12. Bxa7 b6 13. a4 Ra8 14.
Nb5 Kd7 15. a5 Bc5 16. b4 Bd4 17. Nxd4 Rxa7 18. Bb5+ Kd6 19. Nc6 Rb7 20.
Rfd1+ Bd5 21. a6 Rbb8 22. Rxd5+ Ke6 23. Nxb8 Rxb8 24. Bd7+ Ke7 25. Bxg4 Ra8
26. Rd7+ Kf8 27. Rxc7 g6 28. Rc8+ Rxc8 29. Bxc8 Ke8 30. a7 Ke7 31. a8=Q Kf6
32. Qc6+ Kg7 33. Ra7 b5 34. Qe6 Kh6 35. Rxf7 Kh5 36. Qg4+ Kh6 37. Qh4#
{Black checkmated}
1-0

[Event "ICC tourney 1923 (15 5)"]
[Site "Internet Chess Club"]
[Date "2020.07.17"]
[Round "3"]
[White "wulovechess"]
[Black "ChessStar22"]
[Result "1-0"]
[ICCResult "Black checkmated"]
[WhiteElo "1453"]
[BlackElo "1361"]
[Opening "Caro-Kann: advance variation"]
[ECO "B12"]
[NIC "CK.04"]
[Time "14:21:38"]
[TimeControl "900+5"]

1. e4 c6 2. d4 d5 3. e5 Bf5 4. Nc3 e6 5. Nf3 c5 6. Bb5+ Nc6 7. Be3 Bg4 8.
dxc5 Bxf3 9. Qxf3 a6 10. Ba4 b5 11. cxb6 Rc8 12. b7 Rc7 13. Ba7 Ke7 14. Bxc6
Rxb7 15. Bc5+ Qd6 16. Bxd6+ Kd8 17. Bxb7 Bxd6 18. exd6 Nf6 19. O-O-O Kd7 20.
Qe3 Kxd6 21. Bxa6 Rb8 22. Qa7 Rd8 23. Nb5+ Kc6 24. Qd7+ Kb6 25. Qb7+ Ka5 26.
Qc7+ Kxa6 27. Qxd8 Kxb5 28. Qc7 Ne4 29. Rd4 Nxf2 30. Qc3 Nd3+ 31. cxd3 e5
32. Rb4+ Ka5 33. Qa3# {Black checkmated} 1-0

[Event "ICC tourney 1923 (15 5)"]
[Site "Internet Chess Club"]
[Date "2020.07.17"]
[Round "3"]
[White "gusfalconjr"]
[Black "WCCRBS"]
[Result "0-1"]
[ICCResult "White resigns"]
[WhiteElo "1168"]
[BlackElo "1247"]
[Opening "English opening"]
[ECO "A22"]
[NIC "EO.10"]
[Time "14:27:01"]
[TimeControl "900+5"]

1. c4 e5 2. Nc3 Nf6 3. d3 Nc6 4. g3 Bc5 5. Bg2 d6 6. Nf3 O-O 7. O-O Bg4 8.
Re1 h6 9. Bd2 Qe7 10. a3 Bf5 11. Rc1 Ng4 12. h3 Bxf2+ 13. Kf1 Bxe1 14. Kxe1
Nf6 15. Kf2 Qe6 16. Kg1 Bxh3 17. Bh1 Bg4 18. Kf2 Bxf3 19. Kxf3 Qg4+ 20. Kf2
Nh5 21. Kg2 Qxg3+ 22. Kf1 Qh3+ 23. Bg2 Ng3+ 24. Kg1 Qe6 25. Kh2 {White
resigns} 0-1

[Event "ICC tourney 1923 (15 5)"]
[Site "Internet Chess Club"]
[Date "2020.07.17"]
[Round "3"]
[White "AaditK"]
[Black "askuo"]
[Result "1-0"]
[ICCResult "Black checkmated"]
[WhiteElo "1117"]
[BlackElo "1073"]
[Opening "Sicilian: dragon, Yugoslav attack, 7...O-O"]
[ECO "B76"]
[NIC "SI.17"]
[Time "14:21:30"]
[TimeControl "900+5"]

1. e4 c5 2. Nf3 d6 3. d4 cxd4 4. Nxd4 Nf6 5. Nc3 g6 6. Be3 Bg7 7. f3 O-O 8.
Bd3 Nc6 9. Qd2 a6 10. O-O-O b5 11. Rdg1 Bd7 12. g4 h5 13. Nxc6 Bxc6 14. Bg5
hxg4 15. fxg4 b4 16. Ne2 Nxe4 17. Bxe4 Bxe4 18. h4 Bxh1 19. Rxh1 Kh7 20. h5
Qe8 21. hxg6+ Kg8 22. Bh6 a5 23. Nf4 Bxh6 24. Qh2 fxg6 25. Qxh6 Qf7 26. Qh8#
{Black checkmated}
1-0

[Event "ICC tourney 1923 (15 5)"]
[Site "Internet Chess Club"]
[Date "2020.07.17"]
[Round "3"]
[White "aidaamin"]
[Black "FlowingMelody"]
[Result "1/2-1/2"]
[ICCResult "Game drawn by mutual agreement"]
[WhiteElo "1419"]
[BlackElo "1305"]
[Opening "Giuoco Piano"]
[ECO "C50"]
[NIC "IG.02"]
[Time "14:21:30"]
[TimeControl "900+5"]

1. e4 e5 2. Nf3 Nc6 3. Bc4 Bc5 4. O-O Nf6 5. Nc3 O-O 6. d3 d6 7. Bg5 h6 8.
Bh4 Be6 9. Bxe6 fxe6 10. a3 Nd4 11. b4 Bb6 12. Na4 Qd7 13. Nxd4 Bxd4 14. c3
Bb6 15. Nxb6 axb6 16. a4 Qc6 17. c4 Qd7 18. b5 c6 19. Qb3 c5 20. Bxf6 Rxf6
21. Qc3 Raf8 22. a5 bxa5 23. Qxa5 Qf7 24. f3 Qg6 25. Qc7 Rxf3 26. Rxf3 Rxf3
27. Qc8+ Rf8 28. Qxb7 Qg5 29. Qd7 Qe3+ 30. Kh1 Qxd3 31. Qxe6+ Kh8 32. Rg1
{Game drawn by mutual agreement}
1/2-1/2

[Event "ICC tourney 1923 (15 5)"]
[Site "Internet Chess Club"]
[Date "2020.07.17"]
[Round "3"]
[White "dhroov"]
[Black "OwenT"]
[Result "0-1"]
[ICCResult "White resigns"]
[WhiteElo "1409"]
[BlackElo "1581"]
[Opening "French: advance, Nimzovich system"]
[ECO "C02"]
[NIC "FR.03"]
[Time "14:23:06"]
[TimeControl "900+5"]

1. e4 e6 2. d4 d5 3. e5 c5 4. Nf3 Nc6 5. Be3 Qb6 6. b3 cxd4 7. Nxd4 Qb4+ 8.
c3 Qa5 9. b4 Qc7 10. Nb5 Qd7 11. Bd3 a6 12. N5a3 Nxe5 13. Bb6 Nxd3+ 14. Qxd3
Nf6 15. O-O Bd6 16. Re1 O-O 17. Bd4 Qe7 18. Qf3 e5 19. Nd2 Bg4 20. Qd3 Qc7
21. Be3 e4 22. Qc2 Bxh2+ 23. Kh1 Be5 24. Bd4 Bxd4 25. cxd4 Qxc2 26. Nxc2
Rac8 27. Ne3 Rc3 28. Rac1 Rfc8 29. Rxc3 Rxc3 30. f3 exf3 31. gxf3 Be6 32. f4
h6 33. f5 Bd7 34. Kg2 Ra3 35. Ra1 Rd3 36. Ndf1 Rxd4 37. Rd1 Rxd1 38. Nxd1
Bc6 39. Nfe3 d4+ 40. Kf2 dxe3+ 41. Nxe3 Kf8 42. Nc4 Ke7 43. Na5 Kd6 44. Ke3
Ke5 45. Nxc6+ bxc6 46. a4 Kxf5 47. Kf3 Nd5 48. b5 cxb5 {White resigns} 0-1

[Event "ICC tourney 1923 (15 5)"]
[Site "Internet Chess Club"]
[Date "2020.07.17"]
[Round "3"]
[White "aang07"]
[Black "iamlifamily"]
[Result "1-0"]
[ICCResult "Black checkmated"]
[WhiteElo "1379"]
[BlackElo "1357"]
[Opening "Queen's pawn"]
[ECO "A40"]
[NIC "QO.17"]
[Time "14:21:30"]
[TimeControl "900+5"]

1. d4 c6 2. Bf4 d5 3. e3 Bf5 4. Bd3 Bg6 5. Nf3 e6 6. O-O Nf6 7. Nbd2 Nbd7 8.
Bxg6 hxg6 9. c3 c5 10. Qb3 Nb6 11. dxc5 Bxc5 12. Ne5 Bd6 13. Qb5+ Ke7 14. c4
Rc8 15. cxd5 Nbxd5 16. Qxb7+ Qc7 17. Nc6+ Kd7 18. Qxc7+ Rxc7 19. Bxd6 Kxd6
20. Na5 Ng4 21. Ndc4+ Ke7 22. h3 Ngf6 23. Rfe1 Ne4 24. Ne5 Nb4 25. Rec1 Nc2
26. Nec6+ Kd6 27. Rxc2 Rhc8 28. Rd1+ Nd2 29. Rdxd2# {Black checkmated} 1-0